[Event "Sardinia World Festival-A 2024"]
[Site "Orosei"]
[Date "2024.04.28"]
[Round "2.19"]
[White "Ezra Paul Chambers"]
[Black "Mikhalevski, Victor"]
[Result "0-1"]
[ECO "C54"]
[WhiteElo "2343"]
[BlackElo "2506"]
[Annotator "TA"]
[PlyCount "80"]
[EventDate "2024.04.26"]
[EventType "swiss"]
[EventCountry "ITA"]
[SourceTitle "playchess.com"]
[Source "ChessBase"]
[SourceQuality "1"]
[TimeControl "40/5400+30:1800+30"]

1. e4 e5 2. Nf3 Nc6 3. Bc4 Nf6 4. d3 Bc5 5. c3 a6 6. O-O d6 7. a4 h6 8. Re1 Ng4 9. Re2 O-O 10. b4 {[%emt 0:09:19] The position is equal.} Ba7 11. h3 Nf6 12. Nbd2 Ne7 13. Nf1 c6 14. Ng3 Ng6 15. Bb3 d5 16. Qc2 Re8 17. Bd2 Be6 18. Rd1 Qd7 19. exd5 Bxd5 20. Ne4 Bxb3 21. Nxf6+ gxf6 22. Qxb3 Qxd3 23. Ree1 Qf5 $1 {[%emt 0:00:47][%cal Og6h4] Black is more active.} 24. Bxh6 Nh4 {[%emt 0:03:27] Some like it hot} (24... e4 $5 25. Nd4 $8 Qh5 $11) 25. c4 {[%emt 0:09:39] [#]} (25. Kh2 $1 $15 e4 (25... Nxf3+ 26. gxf3 Re6 27. Rg1+ Kh8 28. Be3 $11) (25... Bxf2 26. Rf1 $15) 26. Nxh4 Qxf2 27. Nf5 (27. Ng6 Bb8+ 28. Kh1 Qg3 $17) 27... Qxf5 28. Qc2) 25... Nxg2 26. Kxg2 $11 {[%emt 0:03:52] Be3 would now be deadly.} Qg6+ 27. Kh2 $1 {[%emt 0:00:26] Threatens to win with Rg1.} Qxh6 28. Re4 $1 Bxf2 {[%emt 0:04:59] Hoping for ...f5.} 29. Rg4+ Kf8 30. Rd6 $2 {[%emt 0:10:21] [#]} (30. Qc2 $11 Be3 31. Nh4) 30... Be3 $2 ({Better is} 30... Rad8 $1 $19 31. Qd3 Bb6) 31. Nh4 $2 {[%emt 0:03:02] [#]} (31. Qd1 $1 $11) 31... Bf4+ (31... Bg5 $1 $19 32. Nf5 Qh5) 32. Kg2 $17 Qh7 {[%emt 0:02:15] And now ...Rad8 would win.} 33. Rxf6 $2 (33. Qd1 $17) 33... Qe4+ 34. Kf1 $2 (34. Qf3 Qc2+ (34... Qxc4 35. Ng6+ Kg7 36. Nxe5+ Kxf6 37. Nxc4 Ke7 38. Qxf4 Rad8 39. Rg7) 35. Qf2 Qxf2+ (35... Qxa4 36. Ng6+ Kg7 37. Nxe5+ Kxf6 38. Rxf4+ Ke6 39. Rf6+ Ke7 40. Rxf7+ Kd6 41. Qf6+ Re6 42. Rd7#) 36. Kxf2) 34... Ke7 $19 35. Rf5 {[%emt 0:00:28] Black must now prevent Rg7.} Rad8 36. Rg7 Rd3 37. Rfxf7+ Ke6 38. Qb2 Rd1+ {[%emt 0:00:27] Black mates.} 39. Kf2 Qe3+ 40. Kg2 Rg1# {[%emt 0:00:06] Weighted Error Value: White=0.77/Black=0.22 (precise) .  Loses game:     	White=2     	---        Missed win:     	---       	Black=1      Mistake:       	White=3     	Black=2      Inaccurate:     	White=5     	Black=1      OK:         	White=8     	Black=9      Best:        	White=1     	Black=5      Strong:       	White=2     	Black=1} 0-1

[Event "Sardinia World Festival-A 2024"]
[Site "Orosei"]
[Date "2024.04.28"]
[Round "2.20"]
[White "Rozen, Eytan"]
[Black "Citak, Selim"]
[Result "1/2-1/2"]
[ECO "A01"]
[WhiteElo "2499"]
[BlackElo "2327"]
[Annotator "TA"]
[PlyCount "89"]
[EventDate "2024.04.26"]
[EventType "swiss"]
[EventCountry "ITA"]
[SourceTitle "playchess.com"]
[Source "ChessBase"]
[SourceQuality "1"]
[TimeControl "40/5400+30:1800+30"]

1. b3 e5 2. Bb2 Nc6 3. c4 Nf6 4. Nf3 e4 5. Nd4 Bc5 6. Nf5 O-O 7. Ng3 Re8 8. e3 {[%emt 0:00:25] White has an edge.} d6 (8... g6 $11) 9. Bxf6 (9. Be2 $14) 9... Qxf6 $11 10. Nc3 Qh4 11. Qb1 f5 12. Nd5 Bb6 13. Be2 Be6 14. Nh5 Bxd5 15. cxd5 Ne5 16. Nf4 {[%emt 0:03:31] Prevents Nd3+} Ng6 (16... g5 {keeps more tension.} 17. Ne6 c6 18. a4 cxd5 19. a5 Rxe6 20. axb6 f4) 17. Nxg6 hxg6 18. Qb2 {[%emt 0:00:41] White is weak on the dark squares} Qf6 19. O-O-O Qxb2+ 20. Kxb2 Kf7 21. h4 Rh8 22. g4 Rh6 23. h5 gxh5 24. gxf5 Kf6 25. Rdg1 Re8 26. Rxh5 Rxh5 27. Bxh5 {[%emt 0:00:04][%mdl 4096] Endgame. KRB-KRB} Re5 28. f4 Rxf5 29. Rg6+ Kf7 30. Rg5+ (30. Rh6+ $1 $14 Kf8 (30... Kg8 31. Bg4 $16) 31. Bg6 (31. Rh8+ Ke7 $14) 31... Rxd5 32. Rh2) 30... Kf6 {[%emt 0:00:01] The position is equal.} 31. Rxf5+ (31. Rg6+ Kf7 32. Rg5+ Kf6) 31... Kxf5 {[%emt 0:00:02] KB-KB} 32. Be8 Ba5 33. Bd7+ Kf6 34. Kc2 Bb4 35. Bc8 b6 $1 36. Ba6 g5 37. fxg5+ Kxg5 38. d3 exd3+ 39. Kxd3 Kf5 40. Kc4 Bc5 41. Kb5 Bxe3 42. Kc6 Ke5 43. b4 Kd4 44. b5 Kc4 45. a4 {[%emt 0:01:14] Weighted Error Value: White=0.08 (flawless) /Black=0.10 (very precise) .  Mistake:       	White=2     	Black=1      Inaccurate:     	---       	Black=2      OK:         	White=18    	Black=15     Best:        	White=2     	Black=1      Strong:       	---       	Black=1} 1/2-1/2

[Event "Sardinia World Festival-A 2024"]
[Site "Orosei"]
[Date "2024.04.28"]
[Round "2.21"]
[White "Szwed, Jacek"]
[Black "Sokolovsky, Yahli"]
[Result "1/2-1/2"]
[ECO "B53"]
[WhiteElo "2336"]
[BlackElo "2490"]
[Annotator "TA"]
[PlyCount "42"]
[EventDate "2024.04.26"]
[EventType "swiss"]
[EventCountry "ITA"]
[SourceTitle "playchess.com"]
[Source "ChessBase"]
[SourceQuality "1"]
[TimeControl "40/5400+30:1800+30"]

1. e4 c5 2. Nf3 d6 3. d4 cxd4 4. Qxd4 Nf6 5. Nc3 Nc6 6. Bb5 Bd7 7. Bxc6 Bxc6 8. Bg5 e6 9. O-O-O Be7 10. Rhe1 O-O 11. e5 $1 {[%emt 0:00:07] The position is equal.} dxe5 12. Nxe5 Bxg2 13. Rg1 $1 Qxd4 14. Rxd4 h6 15. Be3 Bh3 16. Bxh6 Nh5 17. Rd7 Bf6 18. Ng4 $132 {[%emt 0:03:31][%mdl 2048] [#] Black must now prevent Nxf6+. White has counterplay} Bxc3 19. bxc3 Bxg4 ({Of course not} 19... Rad8 $6 20. Rxb7 Kh7 21. Be3 $16) 20. Rxg4 b6 21. Rg5 Rfd8 {[%emt 0:00:00] A rather calm draw.   Weighted Error Value: White=0.00 (flawless) /Black=0.01 (flawless) .  OK:         	White=3     	Black=8      Best:        	---       	Black=1      Strong:       	White=1     	---} 1/2-1/2

[Event "Sardinia World Festival-A 2024"]
[Site "Orosei"]
[Date "2024.04.28"]
[Round "2.22"]
[White "Zhalmakhanov, Ramazan"]
[Black "Krawczyk, Flawian"]
[Result "1-0"]
[ECO "B81"]
[WhiteElo "2490"]
[BlackElo "2315"]
[Annotator "TA"]
[PlyCount "67"]
[EventDate "2024.04.26"]
[EventType "swiss"]
[EventCountry "ITA"]
[SourceTitle "playchess.com"]
[Source "ChessBase"]
[SourceQuality "1"]
[TimeControl "40/5400+30:1800+30"]

1. e4 c5 2. Nf3 d6 3. d4 cxd4 4. Nxd4 Nf6 5. Nc3 a6 6. h3 e6 7. g4 $1 Be7 8. g5 Nfd7 9. Be3 b5 {[%emt 0:03:31][%cal Ob5b4] White is slightly better.} (9... Bxg5 $6 10. Nxe6 fxe6 11. Qh5+ (11. Qxd6 $2 Qe7 $19) 11... g6 12. Qxg5 $16) 10. a3 Bb7 ({But not} 10... Bxg5 $6 11. Nxe6 fxe6 12. Qh5+ (12. Qxd6 $2 Qe7 $19) 12... g6 13. Qxg5 $16) 11. h4 Nc6 12. Rg1 {[%emt 0:04:17] White is more active.} Rc8 13. h5 Nxd4 (13... Nce5 $11 {remains equal.}) 14. Qxd4 $16 {[%emt 0:02:44] White now steadily converts the win.} e5 15. Qd2 Rxc3 16. Qxc3 $18 ({Don't play} 16. bxc3 $6 Bxe4 17. c4 O-O $16) 16... Bxe4 17. Bd3 Bb7 18. O-O-O O-O (18... Qc8 $142 19. Qxc8+ Bxc8) 19. Bf5 {[%emt 0:14:10] Black must now prevent h6.} Nb6 (19... Bf3 $16 20. h6 a5) 20. Qd3 d5 $2 (20... Kh8 21. Bxh7 Nc4) 21. Bxh7+ Kh8 22. h6 Nc4 23. hxg7+ Kxg7 24. f4 d4 25. Bf2 Rh8 26. Bf5 Rh2 27. Qg3 Rxf2 28. Qh4 {[%emt 0:01:32] Threatening mate with Qh7+.} Qh8 29. Qxf2 Ne3 30. fxe5 Bc5 {[%emt 0:00:50] [#]} 31. Bd3 Be7 {[%emt 0:00:44] [#] White is clearly winning.} 32. g6 $1 f6 (32... f5 33. exf6+) 33. exf6+ Bxf6 {[%emt 0:00:03] [#]} 34. Rdf1 $1 {[%emt 0:00:14] Weighted Error Value: White=0.27 (precise) /Black=0.65.  Mistake:       	---       	Black=5      Inaccurate:     	White=2     	Black=1      OK:         	White=11    	Black=8      Best:        	White=1     	---} 1-0

[Event "Sardinia World Festival-A 2024"]
[Site "Orosei"]
[Date "2024.04.28"]
[Round "2.23"]
[White "Lohia, Sohum"]
[Black "Velten, Paul"]
[Result "0-1"]
[ECO "C11"]
[WhiteElo "2316"]
[BlackElo "2481"]
[Annotator "TA"]
[PlyCount "88"]
[EventDate "2024.04.26"]
[EventType "swiss"]
[EventCountry "ITA"]
[SourceTitle "playchess.com"]
[Source "ChessBase"]
[SourceQuality "1"]
[TimeControl "40/5400+30:1800+30"]

1. e4 e6 2. d4 d5 3. Nc3 Nf6 4. e5 Nfd7 5. f4 c5 6. Nf3 Nc6 7. Be3 a6 8. a3 cxd4 9. Nxd4 Bc5 10. Qd2 Qc7 11. O-O-O Be7 {[%emt 0:02:16] The position is equal.} 12. h4 b5 13. Nxc6 Qxc6 14. Ne2 (14. Rh3 $142) 14... Qb7 15. Nd4 b4 16. axb4 Bxb4 17. c3 Be7 18. Qc2 (18. g4 $15) 18... Nc5 $17 19. b4 Ne4 {[%emt 0:01:18] ...Bd7 is the strong threat.} 20. Bd3 a5 (20... Bd7 $17 {[%cal Oe4c3] And now ...Nxc3! would win.} 21. Bxe4 dxe4) 21. Bxe4 $11 dxe4 22. b5 Bd7 23. Kd2 (23. c4 $11 {keeps the balance.}) 23... O-O $17 (23... Bxb5 24. Rb1 Rd8 25. Qb2 $16 (25. c4 Bb4+ 26. Rxb4 axb4 $11)) 24. c4 Rac8 25. Qb3 Rc7 (25... f6 $142 26. exf6 Rxf6) 26. Ra1 Rfc8 (26... Bb4+ $15 27. Ke2 f6) 27. Rhc1 $11 Bb4+ (27... Bxh4 $2 28. Rxa5 Qb8 29. b6 $18) 28. Ke2 h6 29. Kf2 Rc5 (29... Be8 {simplifies} 30. Ra4 Rd8 31. Rxb4 axb4 32. Qxb4 Rxd4 33. Bxd4 Bxb5 34. Rb1 Ba6) 30. Ne2 R5c7 31. Nd4 Be8 32. g4 Rd8 33. Rd1 Rcd7 34. Ke2 Qc7 (34... Qc8 $5) 35. Rac1 $2 {[%emt 0:02:24] This costs White the game.} (35. h5 $15) 35... Bc5 $19 36. Qb2 (36. b6 Qc8 (36... Qxb6 37. Qxb6 Bxb6 38. c5 $19) (36... Bxb6 37. Nxe6 fxe6 38. Qxb6 $11) 37. Rb1) 36... Qb6 {[%emt 0:00:20][%cal Rd7d4] Black is clearly winning.} 37. Rc2 Bxd4 38. Rxd4 Rxd4 39. Qc3 {[%emt 0:00:33] [#]} R8d7 $1 40. Bxd4 (40. Kf2 Qd8) 40... Rxd4 ({Less strong is} 40... Qxd4 41. Qxd4 Rxd4 42. Ke3 $19) 41. Qe3 Qd8 42. g5 {[%emt 0:00:00] [#]} Rxc4 $3 43. Rxc4 (43. Rb2 hxg5) 43... Bxb5 44. Qxe4 Qd5 {[%emt 0:00:00] Weighted Error Value: White=0.82/Black=0.14 (very precise) .  Loses game:     	White=1     	---        Mistake:       	White=4     	Black=3      Inaccurate:     	White=6     	Black=3      OK:         	White=7     	Black=8      Best:        	White=2     	Black=2} (44... Bxc4+ 45. Qxc4 Qd5 46. Qa4 $19) 0-1

[Event "Sardinia World Festival-A 2024"]
[Site "Orosei"]
[Date "2024.04.28"]
[Round "2.24"]
[White "Girel, Joseph"]
[Black "Papadiamandis, Elliot"]
[Result "1-0"]
[ECO "B22"]
[WhiteElo "2479"]
[BlackElo "2312"]
[Annotator "TA"]
[PlyCount "127"]
[EventDate "2024.04.26"]
[EventType "swiss"]
[EventCountry "ITA"]
[SourceTitle "playchess.com"]
[Source "ChessBase"]
[SourceQuality "1"]
[TimeControl "40/5400+30:1800+30"]

1. e4 c5 2. c3 Nf6 3. e5 Nd5 4. Nf3 Nc6 5. Bc4 Nb6 6. Bb3 c4 7. Bc2 d6 8. exd6 Qxd6 9. O-O g6 {[%emt 0:12:30] B22: Sicilian: 2 c3.} 10. a4 Bg7 11. a5 Nd7 12. d3 $146 ({Predecessor:} 12. a6 bxa6 13. Na3 Nb6 14. Qe2 Be6 15. Ng5 Bd5 16. d3 cxd3 17. Bxd3 O-O 18. Ne4 {0-1 Sanal,V (2572)-Georgiev,K (2589) Titled Arena Apr 3rd blitz 2021}) 12... cxd3 13. Bxd3 O-O 14. Be3 Nde5 15. Be2 Qc7 16. Na3 Nxf3+ 17. Bxf3 Qxa5 18. Nc4 Qf5 (18... Qb5 $11 19. Nb6 Rb8 20. Nxc8 Rfxc8) 19. Nb6 $14 Rb8 20. Nd5 Qd7 21. Qa4 e6 22. Nb4 Nxb4 23. Qxa7 Qc7 (23... Na6 $6 24. Rxa6 bxa6 25. Qxb8 $16) ({Black should try} 23... Nc2 $14 24. Rad1 (24. Qxb8 Nxa1 25. Rxa1 Qb5 $11) 24... Qb5 (24... Qc7 25. Bc5 $16) 25. Qxb8 Nxe3 26. fxe3 Qxb2) 24. cxb4 $16 Bd7 25. Rac1 Qe5 26. Bc5 (26. Bxb7 $16 {Hoping for Rfd1.} Qf5 27. Bc5) 26... Rfc8 27. Bxb7 (27. Rfd1 $5 Be8 28. Bxb7 $16) 27... Re8 $1 28. Rcd1 (28. Rfd1 $1 $16 Qxb2 29. Be4) 28... Bb5 $2 (28... Qc7 $1 $11 29. Bf3 Qxa7 30. Bxa7 Ba4 31. Bxb8 Bxd1 32. Rxd1 Rxb8) 29. Bd6 $18 Qxb2 30. Bxb8 Bxf1 31. Kxf1 (31. Rxf1 Bd4 32. Qa8 Qxb4 $17) 31... Qxb4 32. Bg3 f5 (32... Qb5+ {was called for.} 33. Kg1 h5) 33. Bf3 $2 (33. Qa6 $18) 33... f4 $16 34. Qd7 Re7 35. Qc8+ Bf8 36. Bh4 g5 37. Rd8 (37. Bxg5 $6 Qb5+ 38. Kg1 Qxg5 $11) 37... Qb5+ 38. Be2 Qb1+ 39. Bd1 Re8 40. Bxg5 (40. Rxe8 $2 Qxd1#) 40... Qxd1+ 41. Rxd1 Rxc8 42. Bxf4 Kf7 43. Rd3 Rc2 44. Rf3 Bc5 45. Be5+ Kg8 46. g4 Rc4 47. h3 Be7 48. Rb3 Re4 49. f4 (49. Rb7 $18) 49... Bf6 $16 50. Bb8 (50. Bxf6 Rxf4+ 51. Kg2 Rxf6 $11) 50... e5 51. f5 Bh4 ({Black should play} 51... h5 $1 $14) 52. Rb6 (52. Rb5 $1 $16) 52... h5 $2 {[%emt 0:00:37][%mdl 8192] [#]} (52... Re3 $1 $14) 53. Rh6 $1 $18 ({Inferior is} 53. gxh5 Rf4+ 54. Ke2 Rxf5 $11) 53... Rf4+ 54. Ke2 Re4+ 55. Kd3 Rd4+ {[%emt 0:00:01] [#]} 56. Kc2 $1 e4 57. Rxh5 (57. gxh5 Rd5 $17) 57... Be1 58. Rh8+ Kf7 59. Be5 Rd2+ 60. Kb3 Rd5 61. Bf4 e3 (61... Rd3+ $142 62. Kc4 Bg3) 62. Kc4 $18 ({Stronger than} 62. Bxe3 Rd3+ 63. Kc4 Rxe3 $11) 62... Ra5 63. Bxe3 Ra3 64. Bd4 1-0

[Event "Sardinia World Festival-A 2024"]
[Site "Orosei"]
[Date "2024.04.28"]
[Round "2.25"]
[White "Chyzy, Jakub"]
[Black "Costa, Leonardo"]
[Result "1-0"]
[ECO "C77"]
[WhiteElo "2314"]
[BlackElo "2476"]
[Annotator "TA"]
[PlyCount "77"]
[EventDate "2024.04.26"]
[EventType "swiss"]
[EventCountry "ITA"]
[SourceTitle "playchess.com"]
[Source "ChessBase"]
[SourceQuality "1"]
[TimeControl "40/5400+30:1800+30"]

1. e4 e5 2. Nf3 Nc6 3. Bb5 a6 4. Ba4 Nf6 5. Nc3 b5 6. Bb3 Bc5 7. d3 h6 8. Nd5 d6 9. c3 Rb8 {[%emt 0:14:15] The position is equal.} 10. O-O O-O 11. h3 Ba7 12. Be3 Nxd5 13. Bxd5 Bxe3 14. fxe3 Ne7 15. Bb3 Ng6 16. Qe1 Qe7 17. Qg3 Be6 18. Bc2 c5 19. h4 Rfe8 20. Rf2 Nf8 21. d4 f6 22. b3 (22. Nd2 $11 {feels stronger.}) 22... Kh8 23. Raf1 a5 24. Nh2 (24. Nd2 $15) 24... c4 25. d5 Bd7 26. bxc4 bxc4 27. Bd1 Rec8 28. Qf3 ({Better is} 28. Bh5) 28... Be8 29. g4 Nd7 (29... Nh7 $17 30. Kh1 a4) 30. Qh3 (30. Rg2 $15) 30... Rb1 $2 ({Black should play} 30... Bg6 $19 {[%cal Od7c5] ...Nc5! would now be deadly.} 31. g5 Bxe4) 31. g5 $11 fxg5 32. hxg5 Qxg5+ 33. Rg2 Qe7 {[%emt 0:01:10] And now ...Rcb8 would win.} 34. Ng4 $1 {[%emt 0:00:41][%cal Og4h6] White threatens Nxh6! and mate.} Kh7 {[%emt 0:01:19][%mdl 8192] [#]} (34... h5 $15 35. Nh2 g6) 35. Nxh6 $1 $18 gxh6 36. Qg4 h5 37. Qg8+ Kh6 {[%emt 0:00:03] [#]} 38. Qh8+ $1 Qh7 {[%emt 0:00:05] [#]} 39. Rf6+ $1 {[%emt 0:00:04][%mdl 512] Weighted Error Value: White=0.13 (very precise) /Black=0.38.  Loses game:     	---       	Black=1      Missed win:     	---       	Black=1      Mistake:       	White=4     	Black=1      Inaccurate:     	White=2     	Black=1      OK:         	White=8     	Black=11     Best:        	White=1     	Black=1      Strong:       	White=1     	---        Brilliant:      	White=1     	---} 1-0

[Event "Sardinia World Festival-A 2024"]
[Site "Orosei"]
[Date "2024.04.28"]
[Round "2.26"]
[White "Stoyanov, Tsvetan"]
[Black "Casadio, Niccolo`"]
[Result "1/2-1/2"]
[ECO "A13"]
[WhiteElo "2473"]
[BlackElo "2309"]
[Annotator "TA"]
[PlyCount "63"]
[EventDate "2024.04.26"]
[EventType "swiss"]
[EventCountry "ITA"]
[SourceTitle "playchess.com"]
[Source "ChessBase"]
[SourceQuality "1"]
[TimeControl "40/5400+30:1800+30"]

1. Nf3 Nf6 2. c4 e6 3. Nc3 d5 4. e3 Be7 5. b3 O-O 6. Bb2 b6 7. cxd5 Nxd5 8. Nxd5 exd5 9. Be2 c5 10. O-O Be6 11. d4 Nd7 12. Rc1 Qc7 13. Qc2 a5 14. Bb5 Rfc8 15. Qb1 Qb7 16. h3 Rc7 17. Bd3 Nf8 18. Rfd1 Rac8 19. dxc5 bxc5 20. Be5 Rc6 21. Bc3 Qa7 22. Ne5 {[%emt 0:01:40] White is more active.} (22. Qb2 $14) 22... Rb6 $11 {[%emt 0:00:40] The position is equal.} 23. Qc2 Bf6 $1 {[%emt 0:02:59][%cal Od5d4] [#] White must now prevent ...d4!} 24. Nf3 Bxc3 25. Qxc3 a4 26. Bc2 axb3 27. axb3 h6 28. Ne5 Qb8 29. Nd3 Rbc6 30. Ne5 Rb6 31. Nd3 Rbc6 32. Ne5 {[%emt 0:00:55] Weighted Error Value: White=0.12 (very precise) /Black=0.11 (very precise) .  Mistake:       	White=1     	---        Inaccurate:     	White=3     	Black=4      OK:         	White=10    	Black=5      Strong:       	---       	Black=1} 1/2-1/2

[Event "Sardinia World Festival-A 2024"]
[Site "Orosei"]
[Date "2024.04.28"]
[Round "2.27"]
[White "Piscopo, Pierluigi"]
[Black "Agmanov, Zhandos"]
[Result "1/2-1/2"]
[ECO "B92"]
[WhiteElo "2312"]
[BlackElo "2458"]
[Annotator "TA"]
[PlyCount "32"]
[EventDate "2024.04.26"]
[EventType "swiss"]
[EventCountry "ITA"]
[SourceTitle "playchess.com"]
[Source "ChessBase"]
[SourceQuality "1"]
[TimeControl "40/5400+30:1800+30"]

1. e4 c5 2. Nf3 d6 3. d4 cxd4 4. Nxd4 Nf6 5. Nc3 a6 6. Be2 e5 7. Nb3 Be7 8. O-O O-O 9. Kh1 Be6 10. f4 Nbd7 (10... b5 $11 {feels stronger.}) 11. f5 $14 Bxb3 12. axb3 {[%emt 0:00:07] White is slightly better.} Rc8 13. Bf3 Ne8 14. Nd5 Nef6 15. Nc3 {[%emt 0:02:58] White is more active.} Ne8 $1 16. Nd5 Nef6 {[%emt 0:00:04] Weighted Error Value: White=0.39/Black=0.14 (very precise) .  Mistake:       	---       	Black=1      Inaccurate:     	---       	Black=1      OK:         	White=1     	Black=2      Best:        	White=1     	Black=1      Strong:       	---       	Black=1} 1/2-1/2

[Event "Sardinia World Festival-A 2024"]
[Site "Orosei"]
[Date "2024.04.28"]
[Round "2.28"]
[White "Bettalli, Francesco"]
[Black "Royal, Shreyas"]
[Result "1/2-1/2"]
[ECO "C78"]
[WhiteElo "2309"]
[BlackElo "2455"]
[Annotator "TA"]
[PlyCount "59"]
[EventDate "2024.04.26"]
[EventType "swiss"]
[EventCountry "ITA"]
[SourceTitle "playchess.com"]
[Source "ChessBase"]
[SourceQuality "1"]
[TimeControl "40/5400+30:1800+30"]

1. e4 e5 2. Nf3 Nc6 3. Bb5 a6 4. Ba4 Nf6 5. O-O b5 6. Bb3 Bc5 7. c3 d6 8. d4 Bb6 9. a4 Rb8 10. a5 Ba7 (10... Nxa5 $6 11. Rxa5 Bxa5 12. dxe5 Nxe4 13. Qd5 $14) 11. h3 Bb7 12. Be3 {[%emt 0:00:26] Black should prevent d5. The position is equal.} Nxe4 13. d5 Bxe3 14. dxc6 Nxf2 15. Qe2 Nxh3+ 16. Kh1 Nf2+ 17. Rxf2 Bxf2 18. cxb7 Ba7 {[%emt 0:01:55][%cal Oc7c6] Strongly threatening ...c6!} 19. Bd5 Qd7 20. Nd4 {[%emt 0:00:05] Prevents c6} Qe7 21. Bc6+ Kf8 $1 22. Nf3 {[%emt 0:00:03] Wards off Qh4+} d5 {[%emt 0:02:50] White must now prevent ...Qd6.} 23. Qxe5 {[%emt 0:00:06] Threatens to win with Na3.} ({Much weaker is} 23. Bxd5 c6 24. Be4 (24. Bxc6 Qe6 $15) 24... Rxb7 $17) 23... Qxe5 24. Nxe5 Ke7 {[%emt 0:00:11] [#] And now ...Kd6 would win.} 25. Bxb5 $1 axb5 26. a6 Kd6 {[%emt 0:01:16] Prevents Nc6.} 27. Nxf7+ Kd7 (27... Kc6 $11 28. Nxh8 Rxh8) 28. Ne5+ {[%emt 0:01:48][%mdl 1024] White has compensation.} Kd6 $1 29. Nf7+ {[%emt 0:00:03] Excellent horsemanship.} Kd7 {[%emt 0:00:04] [#] aiming for ...Rhf8.} 30. Ne5+ {[%emt 0:00:03] An uneventful encounter.   Weighted Error Value: White=0.08 (flawless) /Black=0.05 (flawless) .  Mistake:       	White=1     	Black=1      OK:         	White=10    	Black=9      Best:        	White=3     	Black=4      Strong:       	---       	Black=2} (30. Nxh8 $14 Rxh8 31. b4) 1/2-1/2

[Event "Sardinia World Festival-A 2024"]
[Site "Orosei"]
[Date "2024.04.28"]
[Round "2.29"]
[White "Fromm, Marius"]
[Black "Kalosha, Zhiulien Oleksii"]
[Result "1-0"]
[ECO "C77"]
[WhiteElo "2454"]
[BlackElo "2306"]
[Annotator "RC"]
[PlyCount "193"]
[EventDate "2024.04.26"]
[EventType "swiss"]
[EventCountry "ITA"]
[SourceTitle "playchess.com"]
[Source "ChessBase"]
[SourceQuality "1"]
[TimeControl "40/5400+30:1800+30"]

1. e4 e5 2. Nf3 Nc6 3. Bb5 a6 4. Ba4 Nf6 5. Nc3 Bc5 6. d3 O-O 7. Bxc6 dxc6 8. O-O Re8 9. h3 h6 10. Be3 Bf8 11. a4 c5 12. Nd2 b6 13. Nc4 g5 14. h4 Ng4 15. hxg5 hxg5 16. Qf3 Rb8 17. Bd2 f6 18. Nd5 Bg7 19. Nde3 Nh6 20. Rfe1 Be6 21. Qe2 Qd7 22. f3 Red8 23. b3 Nf7 24. Bc3 Nh8 25. g3 Ng6 26. Kg2 Kf7 27. Rh1 Rh8 28. Rxh8 Rc8 29. Rg8 Rxg8 30. Rf1 Rh8 31. Rh1 Qc8 32. Rxh8 Qxh8 33. Nf5 Ne7 34. Nce3 Qh7 35. Nxe7 Qh3+ 36. Kf2 Qh2+ 37. Ng2 Kxe7 38. Qd1 g4 39. fxg4 Bh6 40. Bd2 Bxd2 41. Qxd2 Bxg4 42. Qc1 Be6 43. Qg1 Qh6 44. Ne3 Kd6 45. Ke2 Qh5+ 46. Kd2 Qh6 47. Kc3 Qg5 48. Qf2 Ke7 49. Kb2 Qh6 50. a5 Qh8 51. Nd1 Qd8 52. axb6 cxb6 53. Nc3 Qd6 54. Na4 Bd7 55. Nc3 Be6 56. Kc1 Qd8 57. Qh2 Qd4 58. Kd2 Bf7 59. g4 b5 60. g5 fxg5 61. Qg3 c4 62. Qxg5+ Ke8 63. bxc4 bxc4 64. Qf6 cxd3 65. cxd3 a5 66. Qc6+ Kf8 67. Qa8+ Kg7 68. Qxa5 Qf2+ 69. Ne2 Qh2 70. Qc7 Kg8 71. Qd8+ Kh7 72. Qe7 Kg8 73. Qg5+ Kf8 74. Ke3 Bh5 75. Nc3 Kf7 76. Qf5+ Ke8 77. Qf1 Bg4 78. Qf6 Bh5 79. Qf5 Kd8 80. Qf1 Ke8 81. Nd5 Bf7 82. Nf6+ Ke7 83. Ng4 Qg3+ 84. Qf3 Qe1+ 85. Qe2 Qg3+ 86. Kd2 Bh5 87. Ne3 Qg5 88. Qf2 Bg6 89. Kc2 Ke8 90. Nc4 Qe7 91. Qg3 Qh7 92. Qxe5+ Kf8 93. Qf6+ Kg8 94. Qd8+ Kg7 95. Qe7+ Bf7 96. Nd6 Qh2+ 97. Kc3 1-0